 Dungeon Crawl Stone Soup version 0.25-a0-860-gf695395b5c (webtiles) character file.

Game seed: 12783463822890756149, levelgen mode: deterministic

60 Bapho the Slasher (level 3, 0/31 HPs)
             Began as a Draconian Monk on Apr 29, 2020.
             Slain by a hobgoblin
             ... wielding a +0 club
              (1 damage)
             ... on level 2 of the Dungeon.
             The game lasted 00:03:03 (1683 turns).

Bapho the Slasher (Draconian Monk)                  Turns: 1683, Time: 00:03:03

Health: 0/31       AC:  5    Str: 13    XL:     3   Next: 80%
Magic:  3/3        EV: 11    Int: 10    God:
Gold:   70         SH:  0    Dex: 14    Spells: 2/2 levels left

rFire    . . .     SeeInvis .   a - +0 falchion
rCold    . . .     Gourm    .   (no shield)
rNeg     . . .     Faith    .   (armour unavailable)
rPois    .         Spirit   .   (helmet restricted)
rElec    .         Reflect  .   (no cloak)
rCorr    .         Harm     .   (no gloves)
MR       .....                  (no boots)
Stlth    +.........             (no amulet)
HPRegen  0.10/turn              (no ring)
MPRegen  0.08/turn              (no ring)

@: lethally poisoned (0 -> -5), heavily drained
A: unfitting armour, cold-blooded, AC +5
a: no special abilities


You were on level 2 of the Dungeon.
You were hungry.

You visited 1 branch of the dungeon, and saw 2 of its levels.

You collected 70 gold pieces.

Inventory:

Hand Weapons
 a - a +0 falchion (weapon)
Missiles
 g - 63 stones (quivered)
Jewellery
 j - a cursed ring of teleportation {unknown}
Scrolls
 c - 3 scrolls of identify {unknown}
 d - a scroll of immolation {unknown}
 h - a scroll of teleportation {unknown}
 i - a scroll of fog {unknown}
Potions
 e - 2 potions of brilliance {unknown}
 k - 2 potions of stabbing {unknown}
Comestibles
 b - 5 rations
 f - 4 chunks of flesh


   Skills:
 - Level 3.2(0.7) Fighting
 + Level 4.8(2.1) Long Blades
 - Level 2.6(0.1) Dodging
 - Level 1.7(0.0) Stealth


You had 2 spell levels left.
You didn't know any spells.
Your spell library was empty.

Dungeon Overview and Level Annotations

Branches:
Dungeon (2/15)

Altars:

Annotations:
D:1 Terence


Innate Abilities, Weirdness & Mutations

Your plain brown scales are hard. (AC +5)
You cannot fit into any form of body armour.
You are cold-blooded and may be slowed by cold attacks.


Message History

Terence hits you with a +2 mace of draining.
* * * LOW HITPOINT WARNING * * *
You feel drained.
You climb upwards.
There is a stone staircase leading down here.
Terence shouts, "DIE!!!"
There is a stone staircase leading down here.
Terence says, "Did you write a will?
You should..."
You climb downwards.
The hobgoblin hits you with a +0 club.
* * * LOW HITPOINT WARNING * * *
The kobold hits you but does no damage.
You are lethally poisoned!
The hobgoblin hits you but does no damage.
There is a stone staircase leading up here.
* * * LOW HITPOINT WARNING * * *
You feel sick.
The kobold hits you with a +2 dagger of venom.
* * * LOW HITPOINT WARNING * * *
The hobgoblin hits you with a +0 club.
You die...

################
#..........g...#
#..##.....@<##.#
#..##.#..##K#
#..#........#
#..#..#..##.##
#..#..K.......[
#..............#
####.###########
#)# #.#


You could see a hobgoblin and a kobold.

Vanquished Creatures
  3 adders (D:2)
  A dart slug (D:1)
  7 bats
  A giant cockroach (D:1)
  7 hobgoblins
  A quokka (D:2)
  2 frilled lizards (D:1)
  3 goblins
  2 kobolds (D:1)
  4 rats
31 creatures vanquished.

Notes
Turn   | Place    | Note
-------+----------+-------------------------------------------
     0 | D:1      | Bapho the Draconian Monk began the quest for the Orb.
     0 | D:1      | Reached XP level 1. HP: 19/19 MP: 1/1
   438 | D:1      | Reached XP level 2. HP: 26/26 MP: 2/2
   939 | D:1      | Reached skill level 4 in Long Blades
  1083 | D:2      | Reached XP level 3. HP: 17/31 MP: 3/3
  1597 | D:2      | Noticed Terence
  1683 | D:2      | HP: 1/31 [kobold/+2 dagger of venom (2)]
  1683 | D:2      | Slain by a hobgoblin

Levels and vault maps discovered:
D:1:      roderic_crop_circles_arrival_small, layout_loops_ring
D:2:      layout_loops_cross, fedhas_ov_isle_minmay, item_on_display_a,
          uniq_terence

Skill      XL: |  1  2 |
---------------+-------+-----
Long Blades    | 4 |  4.8
Fighting       | |  3.2
Dodging        | |  2.6
Stealth        | |  1.7

Action                   || total
-------------------------++-------
Melee: Falchion          ||    96
       Tailslap          ||     9
Throw: Stone             ||    57
 Stab: Sleeping          ||     2
  Eat: Chunk             ||     2
Armor: Skin              ||    29
Dodge: Dodged            ||    78
       Rpst.: Falchion   ||    29

Table legend:
 A = Non-vault XP
 B = Vault XP
 C = Vault XP percentage of total XP
 D = Non-vault monster count
 E = Vault monster count
 F = Vault count percentage of total count
                 A         B        C        D         E       F
            +---------+---------+-------+---------+---------+-------
      Total |      86 |       0 |   0.0 |      31 |       0 |   0.0
            +---------+---------+-------+---------+---------+-------
        D:1 |      29 |       0 |   0.0 |      18 |       0 |   0.0
        D:2 |      57 |       0 |   0.0 |      13 |       0 |   0.0
            +---------+---------+-------+---------+---------+-------
